EVO
UNIVERSITY OF ILLINOIS FIGHTING ILLINI @ WICHITA STATE UNIVERSITY SHOCKERS
11/29/2049
 
TOP OF THE 1ST
University of California Golden Bears batting - Pitching for University of Michigan Wolverines : RHP Marc Furr
Pitching: RHP Marc Furr
Batting: LHB Eric Gaugler 0-0: Called Strike
0-1: Ground out 6-3 (Groundball, 6M, EV 83.1 MPH)
Batting: RHB Mario Diaz 0-0: Ball
1-0: Ball
2-0: Ball
3-0: Base on Balls
Batting: LHB Carlos Gaona 0-0: Ball
1-0: Ball
2-0: Called Strike
2-1: Called Strike
2-2: Foul Ball, location: 2F
2-2: Ball
Mario Diaz steals 2nd, throwing error, E2
Mario Diaz to third
3-2: Ground out 6-3 (Groundball, 4MS, EV 88.1 MPH)
Mario Diaz scores
Batting: SHB Matsudaira Ikeda 0-0: SINGLE (Groundball, 34S, EV 65.0 MPH) (infield hit)
Batting: RHB Nate Mahon 0-0: Called Strike
0-1: Called Strike
0-2: Strikes out looking
Top of the 1st over - 1 run, 1 hit, 1 error, 1 left on base; University of California 1 - University of Michigan 0
BOTTOM OF THE 1ST
University of Michigan Wolverines batting - Pitching for University of California Golden Bears : RHP Karl-Anthony Aure
Pitching: RHP Karl-Anthony Aure
Batting: RHB Glen Limeburner 0-0: Called Strike
0-1: Ball
1-1: Ball
2-1: Swinging Strike
2-2: Foul Ball, location: 2F
2-2: Foul Ball, location: 2F
2-2: Ground out 5-3 (Groundball, 56, EV 87.5 MPH)
Batting: LHB Tony Olvera 0-0: Ball
1-0: Ball
2-0: Ball
3-0: Called Strike
3-1: Foul Ball, location: 2F
3-2: Foul Ball, location: 2F
3-2: Ground out 4-3 (Groundball, 4M, EV 77.5 MPH)
Batting: RHB Franklin Ortega 0-0: Swinging Strike
0-1: Swinging Strike
0-2: Ball
1-2: Ground out 6-3 (Groundball, 6MS, EV 65.6 MPH)
Bottom of the 1st over - 0 runs, 0 hits, 0 errors, 0 left on base; University of California 1 - University of Michigan 0
TOP OF THE 2ND
University of California Golden Bears batting - Pitching for University of Michigan Wolverines : RHP Marc Furr
Batting: RHB Juan Debayle 0-0: Foul Ball, location: 2F
0-1: Foul Ball, location: 2F
0-2: Ball
1-2: Ball
2-2: Foul Ball, location: 2F
2-2: Ball
3-2: Ground out 4-3 (Groundball, 4, EV 98.8 MPH)
Batting: RHB Alex Guerra 0-0: Foul Ball, location: 2F
0-1: Ground out 4-3 (Groundball, 34, EV 98.1 MPH)
Batting: RHB Kevin Harris 0-0: Foul Ball, location: 2F
0-1: Swinging Strike
0-2: Strikes out swinging
Top of the 2nd over - 0 runs, 0 hits, 0 errors, 0 left on base; University of California 1 - University of Michigan 0
BOTTOM OF THE 2ND
University of Michigan Wolverines batting - Pitching for University of California Golden Bears : RHP Karl-Anthony Aure
Batting: LHB Adrian Navarro 0-0: Ball
1-0: Ball
2-0: Ball
3-0: Called Strike
3-1: Base on Balls
Batting: RHB Justin Young 0-0: Ball
1-0: Ball
2-0: Ball
3-0: Called Strike
3-1: Called Strike
3-2: SINGLE (Groundball, 6MD, EV 103.8 MPH)
Adrian Navarro to second
Batting: LHB Dave Cook 0-0: Ball
1-0: Ball
2-0: Ball
3-0: Called Strike
3-1: Called Strike
3-2: Strikes out looking
Batting: RHB Jason Rhodes 0-0: Fly out, F9 (Flyball, 9D, EV 105.0 MPH)
Runner from 2nd tags up, SAFE at 3rd, no throw by RF
Batting: RHB Dave Guevara 0-0: Fly out, F9 (Flyball, 9, EV 88.1 MPH)
Bottom of the 2nd over - 0 runs, 1 hit, 0 errors, 2 left on base; University of California 1 - University of Michigan 0
TOP OF THE 3RD
University of California Golden Bears batting - Pitching for University of Michigan Wolverines : RHP Marc Furr
Batting: RHB Kasey Sands 0-0: Ball
1-0: Ball
2-0: Called Strike
2-1: Foul Ball, location: 2F
2-2: Ball
3-2: Foul Ball, location: 2F
3-2: Strikes out swinging
Batting: LHB Eric Gaugler 0-0: Ball
1-0: Ball
2-0: Ground out 6-3 (Groundball, 6, EV 104.4 MPH)
Batting: RHB Mario Diaz 0-0: Called Strike
0-1: Ball
1-1: Ball
2-1: Ball
3-1: Foul Ball, location: 2F
3-2: Strikes out swinging
Top of the 3rd over - 0 runs, 0 hits, 0 errors, 0 left on base; University of California 1 - University of Michigan 0
BOTTOM OF THE 3RD
University of Michigan Wolverines batting - Pitching for University of California Golden Bears : RHP Karl-Anthony Aure
Batting: RHB Jamie Broadhurst 0-0: Foul Ball, location: 2F
0-1: Called Strike
0-2: Fly out, F3 (Popup, 3SF, EV 73.1 MPH)
Batting: RHB Glen Limeburner 0-0: Foul Ball, location: 2F
0-1: Ball
1-1: Ball
2-1: Ball
3-1: Foul Ball, location: 2F
3-2: Base on Balls
Batting: LHB Tony Olvera 0-0: Ball
1-0: 2-RUN HOME RUN (Line Drive, 89XD, EV 105.6 MPH), Distance : 435 ft
Batting: RHB Franklin Ortega 0-0: Ball
1-0: Ball
2-0: Ball
3-0: Called Strike
3-1: Called Strike
3-2: Fly out, F9 (Line Drive, 9, EV 88.8 MPH)
Batting: LHB Adrian Navarro 0-0: Fly out, F8 (Line Drive, 89M, EV 87.5 MPH)
Bottom of the 3rd over - 2 runs, 1 hit, 0 errors, 0 left on base; University of California 1 - University of Michigan 2
TOP OF THE 4TH
University of California Golden Bears batting - Pitching for University of Michigan Wolverines : RHP Marc Furr
Batting: LHB Carlos Gaona 0-0: Called Strike
0-1: Foul Ball, location: 2F
0-2: Ball
1-2: DOUBLE (Flyball, 8LXD, EV 96.9 MPH)
Batting: SHB Matsudaira Ikeda 0-0: Ball
1-0: Ball
2-0: Fly out, F9 (Flyball, 9S, EV 88.8 MPH)
Batting: RHB Nate Mahon 0-0: Swinging Strike
0-1: Foul Ball, location: 2F
0-2: Ball
1-2: Strikes out swinging
Batting: RHB Juan Debayle 0-0: Ball
1-0: Called Strike
1-1: Ball
2-1: Ball
3-1: Base on Balls
Batting: RHB Alex Guerra 0-0: Ball
1-0: Ball
2-0: Called Strike
2-1: Ball
3-1: TRIPLE (Flyball, 89XD, EV 95.6 MPH)
Carlos Gaona scores
Juan Debayle scores
Batting: RHB Kevin Harris 0-0: Fly out, F9 (Flyball, 9, EV 94.4 MPH)
Top of the 4th over - 2 runs, 2 hits, 0 errors, 1 left on base; University of California 3 - University of Michigan 2
BOTTOM OF THE 4TH
University of Michigan Wolverines batting - Pitching for University of California Golden Bears : RHP Karl-Anthony Aure
Batting: RHB Justin Young 0-0: Ball
1-0: Ball
2-0: Ball
3-0: Called Strike
3-1: Foul Ball, location: 2F
3-2: Foul Ball, location: 2F
3-2: Base on Balls
Batting: LHB Dave Cook 0-0: Ball
1-0: Swinging Strike
1-1: Ball
2-1: SINGLE (Flyball, 6D, EV 88.8 MPH)
Justin Young to second
Batting: RHB Jason Rhodes 0-0: Fly out, F8 (Line Drive, 8LD, EV 93.8 MPH)
Batting: RHB Dave Guevara 0-0: Swinging Strike
0-1: Swinging Strike
0-2: Grounds into double play, 4-6-3 (Groundball, 4, EV 102.5 MPH)
Bottom of the 4th over - 0 runs, 1 hit, 0 errors, 1 left on base; University of California 3 - University of Michigan 2
TOP OF THE 5TH
University of California Golden Bears batting - Pitching for University of Michigan Wolverines : RHP Marc Furr
Batting: RHB Kasey Sands 0-0: Called Strike
0-1: Called Strike
0-2: Ball
1-2: Ball
2-2: Ball
3-2: Strikes out swinging
Batting: LHB Eric Gaugler 0-0: SINGLE (Groundball, 4MD, EV 100.0 MPH) (infield hit)
Batting: RHB Mario Diaz 0-0: Ball
1-0: SINGLE (Groundball, 4S, EV 64.4 MPH) (infield hit)
Eric Gaugler to second
Batting: LHB Carlos Gaona 0-0: Ball
1-0: Fly out, F8 (Flyball, 8RD, EV 95.6 MPH)
Runner from 2nd tags up, SAFE at 3rd with throw by CF
Batting: SHB Matsudaira Ikeda 0-0: Ball
1-0: Ball
2-0: Ball
3-0: Called Strike
3-1: Base on Balls
Mario Diaz to second
Batting: RHB Nate Mahon 0-0: Foul Ball, location: 2F
0-1: Ball
1-1: Fly out, F8 (Line Drive, 78M, EV 91.2 MPH)
Top of the 5th over - 0 runs, 2 hits, 0 errors, 3 left on base; University of California 3 - University of Michigan 2
BOTTOM OF THE 5TH
University of Michigan Wolverines batting - Pitching for University of California Golden Bears : RHP Karl-Anthony Aure
Batting: RHB Jamie Broadhurst 0-0: Foul Ball, location: 2F
0-1: Called Strike
0-2: Ball
1-2: Ground out U3 (Groundball, 3L, EV 86.9 MPH)
Batting: RHB Glen Limeburner 0-0: Called Strike
0-1: Ground out 5-3 (Groundball, 25, EV 90.0 MPH)
Batting: LHB Tony Olvera 0-0: Ball
1-0: Foul Ball, location: 2F
1-1: Ball
2-1: SINGLE (Groundball, 4D, EV 105.6 MPH)
Pitching: RHP Howie Abrams
Batting: RHB Franklin Ortega 0-0: Ball
1-0: Called Strike
1-1: Ball
2-1: Foul Ball, location: 2F
2-2: Fly out, F7 (Flyball, 7, EV 91.2 MPH)
Bottom of the 5th over - 0 runs, 1 hit, 0 errors, 1 left on base; University of California 3 - University of Michigan 2
TOP OF THE 6TH
University of California Golden Bears batting - Pitching for University of Michigan Wolverines : RHP Marc Furr
Batting: RHB Juan Debayle 0-0: Called Strike
0-1: Fly out, F8 (Flyball, 8LM, EV 89.4 MPH)
Batting: RHB Alex Guerra 0-0: Called Strike
0-1: Ball
1-1: Swinging Strike
1-2: Strikes out swinging, 2-3 out at first.
Batting: RHB Kevin Harris 0-0: Fly out, F7 (Flyball, 78D, EV 91.2 MPH)
Top of the 6th over - 0 runs, 0 hits, 0 errors, 0 left on base; University of California 3 - University of Michigan 2
BOTTOM OF THE 6TH
University of Michigan Wolverines batting - Pitching for University of California Golden Bears : RHP Howie Abrams
Batting: LHB Adrian Navarro 0-0: Ball
1-0: Fly out, F7 (Flyball, 7D, EV 100.6 MPH)
Batting: RHB Justin Young 0-0: Fly out, F8 (Flyball, 8RD, EV 97.5 MPH)
Batting: LHB Dave Cook 0-0: Ball
1-0: Fly out, F8 (Flyball, 8LD, EV 98.8 MPH)
Bottom of the 6th over - 0 runs, 0 hits, 0 errors, 0 left on base; University of California 3 - University of Michigan 2
TOP OF THE 7TH
University of California Golden Bears batting - Pitching for University of Michigan Wolverines : RHP Marc Furr
Batting: RHB Kasey Sands 0-0: Foul Ball, location: 2F
0-1: Ball
1-1: Ball
2-1: Foul Ball, location: 2F
2-2: Ball
3-2: Base on Balls
Pitching: LHP Greg Bradley
Batting: LHB Eric Gaugler 0-0: Called Strike
0-1: Sac Bunt to 15S - play at second, runner OUT! 1-6
Batting: RHB Mario Diaz 0-0: Foul Ball, location: 2F
0-1: Called Strike
0-2: Foul Ball, location: 2F
0-2: Ball
1-2: Ball
2-2: Foul Ball, location: 2F
2-2: Ball
3-2: Base on Balls
Eric Gaugler to second
Batting: LHB Carlos Gaona 0-0: Ball
1-0: Fly out, F7 (Flyball, 7, EV 91.2 MPH)
Batting: SHB Matsudaira Ikeda 0-0: Ball
1-0: Foul Ball, location: 2F
1-1: Ground out 5-3 (Groundball, 56S, EV 74.4 MPH)
Top of the 7th over - 0 runs, 0 hits, 0 errors, 2 left on base; University of California 3 - University of Michigan 2
BOTTOM OF THE 7TH
University of Michigan Wolverines batting - Pitching for University of California Golden Bears : RHP Howie Abrams
Pitching: RHP Frank Salinas
Batting: RHB Jason Rhodes 0-0: DOUBLE (Line Drive, 9LS, EV 99.4 MPH)
Pinch Hitting: LHB Gabe Morales 0-0: Ball
1-0: Called Strike
1-1: Called Strike
1-2: Foul Ball, location: 2F
1-2: Fly out, F3 (Popup, 3F, EV 65.6 MPH)
Batting: RHB Jamie Broadhurst 0-0: Ball
1-0: Ball
2-0: Foul Ball, location: 2F
2-1: Ball
3-1: 2-RUN HOME RUN (Flyball, 78XD, EV 105.6 MPH), Distance : 432 ft
Batting: RHB Glen Limeburner 0-0: Foul Ball, location: 2F
0-1: Foul Ball, location: 2F
0-2: SINGLE (Groundball, 56D, EV 98.8 MPH)
Batting: LHB Tony Olvera 0-0: Foul Ball, location: 2F
0-1: Ball
1-1: Swinging Strike
1-2: Ball
2-2: Fielders Choice at 2nd, 4-6 (Groundball, 34S, EV 91.2 MPH)
Batting: RHB Franklin Ortega 0-0: Ball
1-0: Ball
2-0: Fly out, F9 (Flyball, 89M, EV 88.1 MPH)
Bottom of the 7th over - 2 runs, 3 hits, 0 errors, 1 left on base; University of California 3 - University of Michigan 4
TOP OF THE 8TH
University of California Golden Bears batting - Pitching for University of Michigan Wolverines : LHP Greg Bradley
Now at SS: Edwin Nunez
Batting: RHB Nate Mahon 0-0: Swinging Strike
0-1: Ball
1-1: Foul Ball, location: 2F
1-2: Ball
2-2: Ball
3-2: Strikes out swinging
Batting: RHB Juan Debayle 0-0: Fly out, F7 (Flyball, 78D, EV 94.4 MPH)
Pinch Hitting: LHB Luis Orellana 0-0: Foul Ball, location: 2F
0-1: Called Strike
0-2: Ball
1-2: Ball
2-2: Strikes out looking
Top of the 8th over - 0 runs, 0 hits, 0 errors, 0 left on base; University of California 3 - University of Michigan 4
BOTTOM OF THE 8TH
University of Michigan Wolverines batting - Pitching for University of California Golden Bears : RHP Frank Salinas
Pitching: RHP Tim Devine
Now in RF: Luis Orellana
Batting: LHB Adrian Navarro 0-0: Ball
1-0: Called Strike
1-1: Foul Ball, location: 2F
1-2: Ball
2-2: Ball
3-2: Ground out 6-3 (Groundball, 56, EV 80.6 MPH)
Batting: RHB Justin Young 0-0: Called Strike
0-1: Ground out 4-3 (Groundball, 4, EV 101.2 MPH)
Batting: LHB Dave Cook 0-0: Ground out 4-3 (Groundball, 4, EV 103.1 MPH)
Bottom of the 8th over - 0 runs, 0 hits, 0 errors, 0 left on base; University of California 3 - University of Michigan 4
TOP OF THE 9TH
University of California Golden Bears batting - Pitching for University of Michigan Wolverines : LHP Greg Bradley
Pitching: RHP Travis Palmisano
Now at 1B: Esteban Rangel
Pinch Hitting: RHB RĂºbem Trancoso 0-0: Ground out 4-3 (Groundball, 34, EV 100.6 MPH)
Pinch Hitting: RHB Devon Healy 0-0: Ball
1-0: SINGLE (Line Drive, 89M, EV 106.2 MPH)
Batting: LHB Eric Gaugler 0-0: Fly out, F4 (Line Drive, 4, EV 69.4 MPH)
Batting: RHB Mario Diaz 0-0: Ball
1-0: Ball
2-0: Called Strike
2-1: DOUBLE (Line Drive, 89XD, EV 100.6 MPH)
Devon Healy to third
Runner from 3rd tries for Home, throw by CF and OUT! 8-4-2
Top of the 9th over - 0 runs, 2 hits, 0 errors, 1 left on base; University of California 3 - University of Michigan 4
Sunday, July 16th , 2023 - OOTP Baseball 24.6 Build 69